 Dungeon Crawl Stone Soup version 0.15-a0-1950-gbc841a2 (webtiles) character file.

36 Bubba the Magician (level 3, -13/21 HPs)
             Began as an Octopode Wizard on July 9, 2014.
             Mangled by Sigmund
             ... wielding a cursed -3 scythe
              (15 damage)
             ... on Level 2 of the Dungeon.
             The game lasted 00:05:47 (1178 turns).

Bubba the Magician (Octopode Wizard)                Turns: 1178, Time: 00:05:48

HP -13/21        AC  2     Str  6      XL: 3   Next: 37%
MP   7/18        EV 12     Int 21      God:
Gold 26          SH  0     Dex 10      Spells:  1 memorised,  9 levels left

rFire  + . .     SeeInvis .     j - +0 hand axe
rCold  x . .     Clarity  .     (no shield)
rNeg   . . .     rCorr    .     b - +1 hat
rPois  .         rRot     .     (no amulet)
rElec  .         Spirit   .     m - ring of fire
SustAb .         Warding  .     k - ring of magical power
rMut   .         Stasis   .     (no ring)
Gourm  .                        (no ring)
MR     .....                    (no ring)
                                (no ring)
                                (no ring)
                                (no ring)

@: not resistant to hostile enchantments, fairly stealthy
A: almost no armour, amphibious, 8 rings, constrict 8, camouflage 1, gelatinous
body 1
a: no special abilities


You were on level 2 of the Dungeon.
You were hungry.

You visited 1 branch of the dungeon, and saw 2 of its levels.

You collected 26 gold pieces.

Inventory:

Hand weapons
 h - a -1 flail
 i - a +0 sling
 j - a +0 hand axe (weapon)
Missiles
 e - 2 throwing nets (quivered)
Armour
 b - a +1 hat (worn)
Comestibles
 d - a bread ration
 f - 2 meat rations
Scrolls
 l - 4 scrolls of identify {unknown}
 n - a scroll of fear {unknown}
Jewellery
 k - a ring of magical power (right tentacle)
 m - a ring of fire (left tentacle)
Books
 c - a book of Minor Magic

   Spells                             Type                      Level
   *Magic Dart                        Conjuration                  1
   Blink                              Translocation                2
   Call Imp                           Summoning                    2
   Repel Missiles                     Charms/Air                   2
   Slow                               Hexes                        2
   Conjure Flame                      Conjuration/Fire             3
   Mephitic Cloud                     Conjuration/Poison/Air       3


   Skills:
 - Level 2.0 Dodging
 - Level 2.6 Stealth
 + Level 4.0 Spellcasting
 + Level 1.3 Conjurations
   Level 1.0 Summonings
   Level 1.0 Translocations


You had 9 spell levels left.
You knew the following spells:

 Your Spells              Type           Power        Failure   Level  Hunger
a - Magic Dart            Conj           #...         10%         1    None


Dungeon Overview and Level Annotations

Branches:
Dungeon (2/15)

Altars:

Annotations:
D:2 Sigmund


Innate Abilities, Weirdness & Mutations

You cannot wear most types of armour.
You are amphibious.
You can wear up to eight rings at the same time.
You can use your tentacles to constrict many enemies at once.
Your skin changes colour to match your surroundings (Stealth).
Your rubbery body absorbs attacks (AC +1).


Message History

The magic dart hits Sigmund.
Sigmund is moderately wounded.
Sigmund hits you from afar with a runed scythe.
Casting: Magic Dart
Confirm with . or Enter, or press ? or * to list all spells.
Aiming: Magic Dart
Press: ? - help, Shift-Dir - straight line, f/p - Sigmund
Aim: Sigmund, wielding a runed scythe and wearing a robe (moderately wounded)
The magic dart hits Sigmund.
Sigmund is moderately wounded.
Sigmund casts a spell.
Sigmund flickers and vanishes!
Deactivating autopickup; reactivate with Ctrl-A.
You hear some strange, mumbled words.
The magic dart hits you!
You miss something. Your squeeze misses something. Something hits you!
* * * LOW HITPOINT WARNING * * *
You miss something. Your squeeze misses something. Something hits you!
Ouch! That really hurt!
You die...

.###.### ... .....# . ...
.....###.# #.##
(......#.. ... ......##.#
#.# .#.#..##.###.#
.#.#..##.#...#########
.#.#.....#......#....#.#.
................@........
##.#..#.........#.##.#.##
................#.#
##.##.#.##...#.....
......#....###......
.....####### #.......
.....# #........ .....#
#....... .....# ....


There were no monsters in sight!

Vanquished Creatures
  A gnoll (D:1)
  A giant gecko (D:1)
  An ooze (D:1)
  A ball python (D:2)
  3 giant cockroaches (D:1)
  3 hobgoblins (D:1)
  4 jackals (D:1)
  A kobold (D:2)
  2 bats (D:2)
  2 giant newts
  A goblin (D:2)
  4 rats
24 creatures vanquished.

Notes
Turn   | Place    | Note
--------------------------------------------------------------
     0 | D:1      | Bubba, the Octopode Wizard, began the quest for the Orb.
     0 | D:1      | Reached XP level 1. HP: 11/11 MP: 4/4
   367 | D:1      | Reached XP level 2. HP: 15/17 MP: 0/6
   626 | D:1      | Reached XP level 3. HP: 16/21 MP: 4/8
   922 | D:2      | Reached skill level 4 in Spellcasting
  1165 | D:2      | Noticed Sigmund
  1178 | D:2      | Mangled by Sigmund

Action                   || total
-------------------------++-------
Melee: Unarmed           ||    34
       Flail             ||     8
       Hand axe          ||     5
 Cast: Magic Dart        ||    45
  Use: Scroll            ||     5
       Potion            ||     2
 Stab: Sleeping          ||     1
